[Event "*** Titled Tuesday 3|2 Blitz"]
[Site "Chess.com"]
[Date "2016.10.04"]
[Round "4"]
[White "KNVB"]
[Black "spirals5"]
[Result "1-0"]
[WhiteElo "2483"]
[BlackElo "2263"]
[TimeControl "180+2"]
[EndTime "17:50:35 PDT"]
[Termination "KNVB won on time"]

1. d4 d5 2. c4 e6 3. Nc3 Nf6 4.
cxd5 exd5 5. Bg5 Be7 6. e3 h6 7.
Bh4 Nbd7 8. Bd3 O-O 9. Nge2 b6 10. O-O Bb7 11. Rc1 c5 12. f3 a6 13. a3 b5 14.
dxc5 Nxc5 15. Bb1 Re8 16. Bf2 Bf8 17. Ba2 Rc8 18. Nf4 Na4 19. Qd2 Nxc3 20. Rxc3 Rxc3 21. Qxc3 Qe7 22. Rd1 Rc8 23. Qd2 Qe5 24. Bb3 g5 25.
Nd3 Qf5 26. h3 Bd6 27. Nb4 Bxb4 28. Qxb4 Qe5 29. Qd4 1-0

[Event "*** Titled Tuesday 3|2 Blitz"]
[Site "Chess.com"]
[Date "2016.10.04"]
[Round "4"]
[White "WanderingPuppet"]
[Black "Iball95"]
[Result "0-1"]
[WhiteElo "2312"]
[BlackElo "2504"]
[TimeControl "180+2"]
[EndTime "17:50:44 PDT"]
[Termination "Iball95 won by resignation"]

1. e4 c5 2. Nf3 Nc6 3. Nc3 g6 4. d4 cxd4 5. Nxd4 Bg7 6. Be3 Nf6 7.
Bc4 O-O 8. Bb3 a5 9. a4 Ng4 10.
Qxg4 Nxd4 11. Qd1 Nxb3 12. cxb3 d6 13. O-O Be6 14. Nd5 Bxd5 15. Qxd5 Qd7 16. Qd2 b5 17. Bd4 Bxd4 18. Qxd4 Rfb8 19. Rfd1 Qb7 20. Rd2 Rc8 21.
h3 Rc5 22. Qd3 b4 23. Re1 Rac8 24. Rde2 Qc7 25. Qd4 e6 26. Rd2 d5 27. exd5 Rxd5 28. Qe3 Rcd8 29. Rxd5 Rxd5 30. Rc1 Qd6 31. Qh6 Rd1+ 32.
Rxd1 Qxd1+ 33. Kh2 Qxb3 34. Qg5 Qxb2 35. Qd8+ Kg7 36.
Qxa5 Qc3 37. f3 h5 38. Qb5 b3 39. a5 b2 40. a6 Qc7+ 0-1

[Event "*** Titled Tuesday 3|2 Blitz"]
[Site "Chess.com"]
[Date "2016.10.04"]
[Round "4"]
[White "brightthunder"]
[Black "rithwik2002"]
[Result "0-1"]
[WhiteElo "2357"]
[BlackElo "1977"]
[TimeControl "180+2"]
[EndTime "17:50:50 PDT"]
[Termination "rithwik2002 won by resignation"]

1. e4 c5 2. Nf3 d6 3. d4 cxd4 4. Nxd4 Nf6 5. Nc3 a6 6. f3 e5 7. Nb3 Be6 8. Be3 Be7 9. Qd2 O-O 10. O-O-O a5 11. a4 Nc6 12. g4 Nb4 13. Kb1 Rc8 14.
g5 Nd7 15. f4 exf4 16. Bxf4 Ne5 17. h4 Qb6 18. Bb5 Bg4 19. Rdf1 Nc4 20. Bxc4 Rxc4 21.
Be3 Qc7 22. Nd4 d5 23. Ndb5 Qd7 24. exd5 Rd8 25. Bb6 Nxd5 26. Nxd5 Qxd5 27. Qe3 Rd7 28.
b3 Rc8 29. Qf4 Be2 30. Re1 Bd3 31. Nd4 Bxc2+ 32. Kb2 Bb4 33. Re5 Bc3+ 34. Ka2 Qg2 35. Rh2 Bb1+ 36. Kxb1 Qg1+ 37. Qc1 Qxc1+ 38. Kxc1 Bxd4+ 0-1

[Event "*** Titled Tuesday 3|2 Blitz"]
[Site "Chess.com"]
[Date "2016.10.04"]
[Round "4"]
[White "chessking2151"]
[Black "GasconJR"]
[Result "1-0"]
[WhiteElo "2353"]
[BlackElo "2273"]
[TimeControl "180+2"]
[EndTime "17:50:51 PDT"]
[Termination "chessking2151 won by resignation"]

1. e4 c5 2. c3 Nf6 3. e5 Nd5 4.
Nf3 Nc6 5. Bc4 Nb6 6. Bb3 c4 7. Bc2 Qc7 8. Qe2 g5 9. h3 Bg7 10. O-O Nxe5 11. Nxg5 d5 12. Re1 e6 13. a4 Bd7 14. a5 Nc8 15. Bxh7 Nd6 16. d4 cxd3 17.
Bxd3 Nxd3 18. Qxd3 O-O-O 19. Bf4 e5 20. Bxe5 Rhe8 21.
Nf3 Bxe5 22. Rxe5 Rxe5 23. Nxe5 Bf5 24. Qd4 Nb5 25. Qf4 Be4 26. Nd2 Re8 27. Nxe4 dxe4 28. Qf5+ Kb8 29. Nd7+ Ka8 30. Nf6 Re5 31. Qg4 a6 32. Rd1 Re7 33. Nd5 Qd7 34. Nb6+ 1-0

[Event "*** Titled Tuesday 3|2 Blitz"]
[Site "Chess.com"]
[Date "2016.10.04"]
[Round "4"]
[White "Shivagami"]
[Black "jcibarra"]
[Result "0-1"]
[WhiteElo "1909"]
[BlackElo "2676"]
[TimeControl "180+2"]
[EndTime "17:50:52 PDT"]
[Termination "jcibarra won by resignation"]

1. e4 c5 2. f4 d5 3. exd5 Nf6 4.
Bb5+ Nbd7 5. c4 g6 6. Nf3 Bg7 7. O-O O-O 8. Nc3 a6 9. Bxd7 Bxd7 10. Ne5 e6 11. dxe6 Bxe6 12. d3 Qd4+ 13. Kh1 Nd7 14. Nxd7 Bxd7 15. Nd5 Rae8 16. Rb1 Bf5 17. Re1 Qxd3 18.
Ra1 Bg4 19. Qd2 Qxc4 20. Ne3 Qxf4 21. Nxg4 Qxg4 22. Qf2 Bd4 23. Be3 Rxe3 24. Rxe3 Qg5 25. Rg3 Bxf2 26. Rxg5 f5 27. Rf1 Bh4 28. Rg3 Bxg3 29.
hxg3 Rd8 30. Rf2 Kf7 31. g4 Rd5 32. gxf5 Rxf5 33. Rc2 Ke6 34. Kg1 b5 35. g3 h5 36.
Kg2 c4 37. b3 Rc5 38. Kf3 Kf5 39. Rc3 b4 40. Rxc4 Rxc4 41. bxc4 Ke5 42. Ke3 g5 43.
Kd3 h4 44. gxh4 gxh4 45. Ke3 h3 46. Kf3 a5 47. Kg3 a4 48. Kxh3 b3 0-1

[Event "*** Titled Tuesday 3|2 Blitz"]
[Site "Chess.com"]
[Date "2016.10.04"]
[Round "4"]
[White "MaestroASK"]
[Black "dretch"]
[Result "0-1"]
[WhiteElo "2458"]
[BlackElo "2658"]
[TimeControl "180+2"]
[EndTime "17:51:04 PDT"]
[Termination "dretch won by resignation"]

1. g3 d5 2. d3 e5 3. e4 Nf6 4.
Bg2 dxe4 5. dxe4 Nbd7 6. f3 Bc5 7. Nh3 b6 8. Nd2 Ba6 9. Bf1 Bb7 10. Nf2 Qe7 11. Nd3 h5 12. h4 Rd8 13. Nb3 Bd6 14. Kf2 Nc5 15. Nbxc5 Bxc5+ 16. Be3 Bxe3+ 17. Kxe3 O-O 18.
Be2 c5 19. c4 b5 20. b3 bxc4 21. bxc4 Rd4 22. Qc2 Rfd8 23. Rhd1 Ba6 24. Nf2 Qd6 25. Qa4 Ne8 26. Rac1 Nc7 27. Nd3 Ne6 28. Kf2 g6 29. Nxe5 Qxe5 30. Qxa6 Rxd1 31. Rxd1 Rxd1 32. Bxd1 Qb2+ 33.
Ke1 Qg2 34. Qc8+ Kg7 35. Qb8 Qg1+ 36. Kd2 Qd4+ 37. Ke1 Qc3+ 38. Kf1 Qxc4+ 39. Kg2 Qxa2+ 40. Kh3 Qa1 41. Qd6 a5 42. f4 Qd4 43. Qxd4+ cxd4 44. Kg2 Nc5 45. Kf3 a4 46. Bc2 a3 47. Bb1 Na4 48.
Ba2 Nc3 49. Bb3 a2 50. Bxa2 Nxa2 51. e5 Nc3 52. g4 hxg4+ 53. Kxg4 d3 0-1

[Event "*** Titled Tuesday 3|2 Blitz"]
[Site "Chess.com"]
[Date "2016.10.04"]
[Round "4"]
[White "Rsnr"]
[Black "Scott-fox21"]
[Result "1-0"]
[WhiteElo "2533"]
[BlackElo "2150"]
[TimeControl "180+2"]
[EndTime "17:51:10 PDT"]
[Termination "Rsnr won by checkmate"]

1. d4 d5 2. c4 e6 3. Nf3 c6 4. Nc3 dxc4 5. a4 Bb4 6. e3 b5 7. Bd2 a5 8. axb5 Bxc3 9. Bxc3 cxb5 10. b3 Bb7 11. bxc4 b4 12. Bb2 Nf6 13. Be2 O-O 14.
O-O Nbd7 15. c5 Qc7 16. Nd2 a4 17. Nc4 a3 18. Bc1 Ba6 19. Qb3 Bxc4 20. Bxc4 Rfb8 21. Bd2 Qb7 22. Rfb1 Nd5 23. e4 N5f6 24. f3 e5 25. Bxf7+ Kh8 26. Bd5 Nxd5 27. exd5 exd4 28. c6 Qc7 29. cxd7 Qxd7 30. Bxb4 Rb5 31. Qc4 Rab8 32.
Rxa3 Qb7 33. Qxd4 h6 34. Rab3 Rxd5 35. Qe4 Rb5 36. Qxb7 R8xb7 37. Kf2 Kg8 38. R3b2 Kf7 39. g4 Ke6 40. h4 Kd5 41. Kg3 Kc4 42. Rc1+ Kd3 43.
Rd2+ Ke3 44. Re1# 1-0

[Event "*** Titled Tuesday 3|2 Blitz"]
[Site "Chess.com"]
[Date "2016.10.04"]
[Round "4"]
[White "michaelk123"]
[Black "Kawhi_Leonard2"]
[Result "1-0"]
[WhiteElo "2238"]
[BlackElo "2012"]
[TimeControl "180+2"]
[EndTime "17:51:11 PDT"]
[Termination "michaelk123 won by resignation"]

1. e4 c5 2. Nf3 d6 3. d4 cxd4 4. Qxd4 Bd7 5. c4 Nc6 6. Qe3 g6 7. h3 Bg7 8. Be2 Nf6 9. Nc3 O-O 10. O-O Rc8 11. Rb1 a6 12. b3 Re8 13. Bb2 e6 14. Rfd1 Qe7 15. Ba3 Red8 16. e5 Ne8 17. exd6 Qf6 18. Ne4 Qf5 19. Bb2 e5 20. g4 Qf4 21.
Qxf4 exf4 22. Nc5 Rb8 23. Nxd7 Rxd7 24. c5 b6 25. Bxg7 Kxg7 26. b4 bxc5 27. bxc5 Nf6 28.
Bxa6 Ne4 29. Rxb8 Nxb8 30. Bb5 Ra7 31. c6 Nxc6 32. Bxc6 Nc3 33. Rd2 Ra6 34. d7 Rxc6 35. d8=Q h6 36. Qd4+ Kh7 37. Rc2 Nb5 38. Rxc6 Nxd4 39.
Nxd4 Kg7 40. a4 1-0

[Event "*** Titled Tuesday 3|2 Blitz"]
[Site "Chess.com"]
[Date "2016.10.04"]
[Round "4"]
[White "ZEN-22"]
[Black "Joshukid"]
[Result "0-1"]
[WhiteElo "2249"]
[BlackElo "2348"]
[TimeControl "180+2"]
[EndTime "17:51:16 PDT"]
[Termination "Joshukid won by checkmate"]

1. e3 Nf6 2. Ne2 d5 3. d4 c5 4. c4 cxd4 5. Nxd4 e5 6. Nf3 e4 7. Nd4 Bb4+ 8. Bd2 Bxd2+ 9. Qxd2 O-O 10. Nc3 dxc4 11. Bxc4 Qc7 12. Bb3 Nc6 13. O-O Rd8 14. h3 Nxd4 15. exd4 Bf5 16. Rfe1 Qb6 17. Rad1 Rd6 18.
Qf4 Bg6 19. Na4 Qd8 20. Nc5 Rb8 21. Qe5 b6 22. Na6 Rc8 23. Nb4 a5 24. Nc2 Rc7 25. Ne3 Re7 26. Qb5 h6 27. d5 Rc7 28. Nc4 Rc5 29.
Nxd6 Rxb5 30. Nxb5 Kh7 31. d6 Nd7 32. Nd4 Qf6 33. Nc6 Qxb2 34. Ne7 Bh5 35. Rb1 Qe5 36.
g4 Qxd6 37. Nf5 Qf4 38. Ng3 Bg6 39. Bc2 Nc5 40. Rxb6 Qd2 41. Re2 Qc1+ 42. Kg2 Nd3 43. Kh2 Nf4 44. Rxe4 Bxe4 45. Bxe4+ g6 46. Rb3 Qd2 47. Rf3 Kg7 48. Bc2 Qxc2 49. Rxf4 Qxa2 50. Ne4 Qe2 51. Kg3 Qd3+ 52. f3 Qe3 53. Nd6 Qg1+ 54. Kh4 Qf2# 0-1

[Event "*** Titled Tuesday 3|2 Blitz"]
[Site "Chess.com"]
[Date "2016.10.04"]
[Round "4"]
[White "Po6Don"]
[Black "Iwannabetheguy"]
[Result "1/2-1/2"]
[WhiteElo "2074"]
[BlackElo "2006"]
[TimeControl "180+2"]
[EndTime "17:51:20 PDT"]
[Termination "Game drawn by agreement"]

1. e4 e5 2. Nf3 Nc6 3. d4 exd4 4.
Nxd4 Nf6 5. Nxc6 bxc6 6. Qe2 Qe7 7. Nc3 g6 8. Bg5 d6 9. f4 h6 10. Bh4 Qe6 11. e5 Nd5 12. Nxd5 cxd5 13. Bf6 Rg8 14. O-O-O Bd7 15. Qd2 Be7 16. Qxd5 Qxd5 17. Rxd5 Bxf6 18. exf6 Bc6 19. Rd2 Kd7 20. Bc4 Rgf8 21.
Re1 Rae8 22. Rde2 d5 23. Bd3 Kd6 24. h4 Rxe2 25. Rxe2 Re8 26. Rxe8 Bxe8 27. f5 Ke5 28. fxg6 fxg6 29. Kd2 Kxf6 30. Ke3 c5 31. c3 Bd7 32.
Kf4 a5 33. a3 Be6 34. g3 g5+ 35. hxg5+ hxg5+ 36. Ke3 Ke5 37. Bc2 d4+ 38. cxd4+ cxd4+ 39. Kd2 Bc4 40. b4 axb4 41. axb4 Bb5 42. Bd3 Ba4 43.
Kc1 Kd5 44. Kb2 Bd1 45. Ka3 Kc6 46. b5+ Kc5 47. b6 Kxb6 48. Kb4 Kc6 49. Kc4 Kd6 50. Kxd4 Ke6 51. Ke4 Kf6 52. Ke3 Bg4 1/2-1/2

[Event "*** Titled Tuesday 3|2 Blitz"]
[Site "Chess.com"]
[Date "2016.10.04"]
[Round "4"]
[White "platy3"]
[Black "Tarlev_Konstantin"]
[Result "1-0"]
[WhiteElo "2750"]
[BlackElo "2578"]
[TimeControl "180+2"]
[EndTime "17:51:31 PDT"]
[Termination "platy3 won by resignation"]

1. e4 c5 2. Nf3 e6 3. d4 cxd4 4.
Nxd4 a6 5. Nc3 Qc7 6. g3 Nf6 7. Bg2 d6 8. O-O Be7 9. a4 Nc6 10. Be3 O-O 11. Qe2 Na5 12. Rad1 Bd7 13. Bc1 Rab8 14. f4 Rfd8 15. g4 Qc4 16. Qf3 Nc6 17.
Be3 g6 18. Nb3 b5 19. axb5 axb5 20. g5 Nh5 21. Qf2 b4 22. Na4 Qb5 23. Nb6 Be8 24.
f5 Ne5 25. fxe6 fxe6 26. Nd4 Ng4 27. Qf3 Qxb6 28. Qxg4 Bd7 29. Qh3 Qa6 30. Bf3 Ng7 31. Bg4 Qc8 32. Rd2 Re8 33. Nf3 Rb7 34. Rdf2 Nf5 35.
Nd4 Nxd4 36. Rf7 h5 37. Bxh5 e5 38. Bg4 Ne2+ 39. Kf2 Kxf7 40. Qh7+ Kf8 41. Kxe2+ Bf5 42. Rxf5+ gxf5 43. Qh8+ Kf7 44. g6+ 1-0

[Event "*** Titled Tuesday 3|2 Blitz"]
[Site "Chess.com"]
[Date "2016.10.04"]
[Round "4"]
[White "BCNUM8"]
[Black "3f32"]
[Result "1/2-1/2"]
[WhiteElo "2147"]
[BlackElo "2265"]
[TimeControl "180+2"]
[EndTime "17:51:35 PDT"]
[Termination "Game drawn by repetition"]

1. d4 Nf6 2. Bg5 g6 3. Bxf6 exf6 4. e3 d5 5. c4 c6 6. cxd5 cxd5 7.
Nc3 Be6 8. Nge2 Nc6 9. g3 Bf5 10.
Bg2 Nb4 11. O-O Bc2 12. Qd2 Bd3 13. Rfc1 Be7 14. Nf4 Be4 15. Nxe4 dxe4 16. Bxe4 Rb8 17. a3 Na6 18. Nd5 O-O 19. b4 Bd6 20. Bg2 f5 21. Rc2 Nc7 22. Rac1 Nxd5 23. Bxd5 Qd7 24. Bb3 Rbc8 25.
Qd3 Rxc2 26. Qxc2 Rd8 27. Qc4 Kg7 28. Qc2 Bf8 29. Kg2 a5 30. Qc7 Bd6 31. Qb6 axb4 32. axb4 Qe7 33. Bd5 Bxb4 34. Qxb7 Rd7 35. Qb5 Bd6 36.
Rc8 h5 37. h4 Ra7 38. Qe8 Qxe8 39. Rxe8 Ra5 40. Bc4 Ra4 41. Bd5 Ra5 42. Bc4 Ra4 43. Bd5 Ra5 44. Bc4 1/2-1/2

[Event "*** Titled Tuesday 3|2 Blitz"]
[Site "Chess.com"]
[Date "2016.10.04"]
[Round "4"]
[White "josiwales"]
[Black "JMatias"]
[Result "1-0"]
[WhiteElo "2214"]
[BlackElo "2182"]
[TimeControl "180+2"]
[EndTime "17:51:37 PDT"]
[Termination "josiwales won by checkmate"]

1. e4 e6 2. d3 c5 3. Nc3 Nc6 4. g3 Nge7 5. Bg2 g6 6. Be3 d6 7.
Qd2 Nd4 8. Nd1 Bg7 9. c3 Ndc6 10.
Bh6 O-O 11. h4 f6 12. Bxg7 Kxg7 13. h5 g5 14. h6+ Kh8 15. f4 gxf4 16. gxf4 e5 17. f5 d5 18. Ne3 d4 19. Nc2 b5 20.
Nh3 dxc3 21. bxc3 b4 22. c4 a5 23. Bf3 a4 24. Ke2 Rb8 25. Rhg1 Nd4+ 26. Nxd4 Qxd4 27. Rab1 Bd7 28. Rg7 Nc6 29. Rbg1 b3 30. axb3 Rxb3 31. Ng5 fxg5 32. Qxg5 Qxd3+ 33. Ke1 Qc3+ 34. Qd2 Rb1+ 35. Bd1 Qxd2+ 36. Kxd2 Rb3 37. Bxb3 axb3 38. Rxd7 Rg8 39. Rgg7 Rxg7 40. hxg7+ Kg8 41. f6 h5 42. Rc7 Nd8 43. Rc8 Kf7 44. Rxd8 Kxf6 45. g8=Q b2 46. Rd6+ Ke7 47. Re6+ Kd7 48. Qe8+ Kc7 49. Rc6+ Kb7 50. Qc8+ Ka7 51. Ra6# 1-0

[Event "*** Titled Tuesday 3|2 Blitz"]
[Site "Chess.com"]
[Date "2016.10.04"]
[Round "4"]
[White "ka1ser64"]
[Black "MFBerna"]
[Result "0-1"]
[WhiteElo "2239"]
[BlackElo "2161"]
[TimeControl "180+2"]
[EndTime "17:51:40 PDT"]
[Termination "MFBerna won by checkmate"]

1. d4 d5 2. c4 e6 3. Nf3 Be7 4.
Nc3 Nf6 5. Bf4 O-O 6. e3 Nbd7 7. c5 Nh5 8. Be5 f6 9. Bg3 b6 10. b4 a5 11. a3 c6 12. b5 cxb5 13. c6 Nxg3 14.
hxg3 b4 15. cxd7 bxc3 16. dxc8=Q Rxc8 17. Qc2 g6 18. Bd3 Kg7 19. O-O Qd6 20. Rfb1 Rc6 21. Rb3 Rfc8 22. Ba6 Rb8 23. Bb5 Rc7 24. Rxc3 Rbc8 25.
Rxc7 Rxc7 26. Qb2 g5 27. Bd3 g4 28. Nd2 Qc6 29. Rb1 Rb7 30. Rc1 Qd6 31. a4 Rc7 32.
Rxc7 Qxc7 33. Qc2 Qd7 34. Bxh7 f5 35. Bxf5 exf5 36. Nb1 Bb4 37. Nc3 Qc6 38. Qxf5 Bxc3 39. Qxg4+ Kf7 40. Qf5+ Ke7 41. Qh7+ Kd6 42. Qf7 Qxa4 43. g4 Qd1+ 44. Kh2 Qxg4 45. Qf8+ Kc6 46. Qe8+ Qd7 47. Qg6+ Kb7 48. f4 a4 49. Qd3 Qc6 50. f5 a3 51. f6 a2 52. f7 Qc7+ 53. g3 Bb4 54. Qd1 Qc3 55. f8=Q Bxf8 56. Qa4 a1=Q 57.
Qd7+ Qc7 58. Qxd5+ Ka7 59. Qb5 Qa2+ 60. Kh3 Qh7+ 61.
Kg4 Qg6+ 62. Kf3 Qf6+ 63. Kg4 Qae6+ 64. Kh5 Qh6# 0-1

[Event "*** Titled Tuesday 3|2 Blitz"]
[Site "Chess.com"]
[Date "2016.10.04"]
[Round "4"]
[White "ShimanovAlex"]
[Black "gmjoey1"]
[Result "1-0"]
[WhiteElo "2598"]
[BlackElo "2488"]
[TimeControl "180+2"]
[EndTime "17:51:48 PDT"]
[Termination "ShimanovAlex won on time"]

1. d4 Nf6 2. Bf4 e6 3. Nf3 d5 4.
e3 Nbd7 5. c3 c5 6. Bd3 Qb6 7. Qc1 Bd6 8. Bg3 O-O 9. Ne5 Qc7 10. f4 Nh5 11. Nd2 f6 12. Qd1 g6 13.
Nef3 e5 14. e4 exf4 15. Bf2 c4 16. Bc2 Nb6 17. O-O Be6 18. Re1 Rae8 19. e5 fxe5 20.
dxe5 Bc5 21. Bxc5 Qxc5+ 22. Nd4 Nd7 23. Kh1 Ng7 24. N2f3 Bg4 25. Qd2 Bxf3 26. Nxf3 Ne6 27. Rad1 Nb6 28. b4 cxb3 29. Bxb3 Rc8 30. Nd4 Nxd4 31. cxd4 Qc3 32. Qf2 f3 33. e6 Rce8 34. g3 Rf6 35. Re3 Qc6 36. e7 Rf7 37. Rde1 Qd7 38. Rxf3 Rexe7 39. Re5 Qg4 40. Rxe7 Rxf3 41. Qe2 Qf5 42. Kg2 Rd3 43. Bc2 1-0

[Event "*** Titled Tuesday 3|2 Blitz"]
[Site "Chess.com"]
[Date "2016.10.04"]
[Round "4"]
[White "GianmarcoVaR"]
[Black "IamSchrodingersCat"]
[Result "1-0"]
[WhiteElo "2382"]
[BlackElo "2267"]
[TimeControl "180+2"]
[EndTime "17:51:59 PDT"]
[Termination "GianmarcoVaR won on time"]

1. d4 Nf6 2. c4 e5 3. dxe5 Ng4 4.
Bf4 g5 5. Bd2 Nc6 6. Nf3 Ngxe5 7. e3 Bg7 8. Nc3 d6 9. Be2 Be6 10. b3 O-O 11. O-O f5 12. Nd4 Bd7 13. Nd5 Nxd4 14.
exd4 Ng6 15. Ba5 b6 16. Bc3 c6 17. Ne3 Nf4 18. Nc2 Qe7 19. Re1 Qf7 20. Bf1 Rae8 21. Qd2 Qf6 22. Rxe8 Bxe8 23. Re1 h5 24. Bb2 h4 25. g3 Ng6 26. Ba1 d5 27. cxd5 cxd5 28. Bg2 Bf7 29. Nb4 Qd6 30. Nd3 f4 31. Ne5 hxg3 32.
hxg3 Be8 33. Bc3 a5 34. b4 fxg3 35. fxg3 Bf7 36. bxa5 bxa5 37. Bxa5 Nxe5 38. dxe5 Bxe5 39. Qxg5+ Bg7 40. Bd2 d4 41. Bf4 Qg6 42. Qh4 Be6 43. Be4 1-0

[Event "*** Titled Tuesday 3|2 Blitz"]
[Site "Chess.com"]
[Date "2016.10.04"]
[Round "4"]
[White "3ptdka"]
[Black "minnesotachessmaster"]
[Result "1-0"]
[WhiteElo "2050"]
[BlackElo "1802"]
[TimeControl "180+2"]
[EndTime "17:52:13 PDT"]
[Termination "3ptdka won by checkmate"]

1. d4 Nf6 2. c4 e6 3. Nc3 c5 4. d5 exd5 5. cxd5 d6 6. Nf3 g6 7.
Nd2 Bg7 8. e4 O-O 9. Be2 Re8 10.
O-O a6 11. a4 h5 12. f3 Nbd7 13. a5 b5 14. axb6 Nxb6 15. Nc4 Nxc4 16. Bxc4 Bb7 17.
Be3 Nd7 18. Qd2 Nb6 19. b3 Nxc4 20. bxc4 f5 21. Rae1 Qf6 22. Ne2 a5 23. Bh6 Bh8 24. Bg5 Qf7 25. Nf4 a4 26. Ne6 Rxe6 27. dxe6 Qxe6 28. exf5 Qxf5 29. Qxd6 Qxg5 30. Qe6+ Kf8 31. Qd6+ Kg8 32. Qc7 Bd4+ 33. Kh1 Ba6 34. Qc6 Qd8 35. Qxg6+ Kh8 36. Qxh5+ Kg8 37. Re4 Bg7 38. Qxc5 Rc8 39. Qf5 Bxc4 40. Rfe1 Bf7 41. Rf4 Qc7 42. h4 a3 43. Rg4 Rf8 44. Qg5 Qc3 45. Re3 Qa1+ 46.
Kh2 Kh8 47. Rxa3 Qxa3 48. Qxg7# 1-0

[Event "*** Titled Tuesday 3|2 Blitz"]
[Site "Chess.com"]
[Date "2016.10.04"]
[Round "4"]
[White "daro94"]
[Black "elefante33"]
[Result "1-0"]
[WhiteElo "2675"]
[BlackElo "2474"]
[TimeControl "180+2"]
[EndTime "17:52:23 PDT"]
[Termination "daro94 won by resignation"]

1. d4 Nf6 2. c4 e6 3. Nf3 b6 4. g3 Ba6 5. b3 Bb7 6. Bg2 Bb4+ 7. Bd2 a5 8. O-O O-O 9. Nc3 Re8 10. Qc2 d6 11. a3 Bxc3 12. Bxc3 Be4 13. Qb2 Nbd7 14. b4 axb4 15. axb4 b5 16. c5 Qb8 17.
Bh3 Qb7 18. Nd2 Bc6 19. f3 Rxa1 20. Rxa1 e5 21. e4 exd4 22. Bxd4 Ne5 23. Bxe5 Rxe5 24. Nb3 Qb8 25. Qa3 h5 26. Qa7 Qd8 27. Nd4 Be8 28. Qa8 Qxa8 29. Rxa8 Kh7 30. c6 d5 31. f4 Re7 32. e5 Ne4 33. Nf5 Re6 34. Nd4 Re7 35. Bf5+ g6 36. Bxe4 dxe4 37. Kf2 Kg7 38. Ke3 f6 39.
Kxe4 fxe5 40. fxe5 Bf7 41. Nxb5 g5 42. Nd4 Bg6+ 43.
Kd5 Bf7+ 44. e6 Bg6 45. b5 Kf6 46. Rf8+ Kg7 47. Rd8 Kf6 48. Rd7 Bb1 49. Rxe7 Kxe7 50. Ke5 Bd3 51. b6 cxb6 52. c7 Ba6 53. Nf5+ Kf8 54.
Kf6 1-0

[Event "*** Titled Tuesday 3|2 Blitz"]
[Site "Chess.com"]
[Date "2016.10.04"]
[Round "4"]
[White "Rating-Schmating"]
[Black "Schwarzschidl"]
[Result "0-1"]
[WhiteElo "2214"]
[BlackElo "2338"]
[TimeControl "180+2"]
[EndTime "17:52:27 PDT"]
[Termination "Schwarzschidl won by resignation"]

1. e4 e5 2. Nf3 Nc6 3. d4 exd4 4. Nxd4 Nf6 5. Nxc6 bxc6 6. e5 Qe7 7. Qe2 Nd5 8.
c4 Ba6 9. Nd2 g6 10. Nf3 Bg7 11. b3 O-O 12. Bb2 Rae8 13. O-O-O d6 14. Qc2 Nb4 15.
Qb1 dxe5 16. a3 e4 17. Bxg7 Kxg7 18. Qb2+ f6 19. Nd4 Nd3+ 20. Bxd3 exd3 21. Rxd3 c5 22. Nf3 Bb7 23. Rhd1 Rd8 24. Rxd8 Rxd8 25. Rxd8 Qxd8 26. Qe2 h5 27. g3 Qd6 28. Nd2 a5 29.
Kc2 Bc6 30. Qd3 Qe5 31. Qc3 Qf5+ 32. Kb2 a4 33. f4 axb3 34. Nxb3 h4 35. Qe3 Qh3 36.
Qe7+ Kh6 37. Qf8+ Kh5 38. Qxc5+ Kg4 39. Qxc6 Qxh2+ 40. Kc3 Qxg3+ 41. Kb4 h3 42. Nd2 Qxf4 43. Qe6+ Kh4 44. Qe2 Qd6+ 45. Kb3 h2 46. Nf3+ Kh3 47. Qxh2+ Qxh2 48. Nxh2 Kxh2 49. a4 g5 50. a5 g4 51. a6 g3 52. a7 g2 53. a8=Q g1=Q 54.
Qh8+ Kg2 55. Qg7+ Kh1 56. Qh6+ Qh2 57. Qc1+ Kg2 58. Qd2+ Kh3 59. Qh6+ Kg2 60. Qxf6 Qg3+ 61. Kb4 Qe1+ 62. Kc5 Qa5+ 63. Kd4 Qa1+ 0-1

[Event "*** Titled Tuesday 3|2 Blitz"]
[Site "Chess.com"]
[Date "2016.10.04"]
[Round "4"]
[White "Jahonas"]
[Black "pedromartinez91"]
[Result "1/2-1/2"]
[WhiteElo "2166"]
[BlackElo "2335"]
[TimeControl "180+2"]
[EndTime "17:52:38 PDT"]
[Termination "Game drawn by repetition"]

1. d4 d5 2. Nf3 e6 3. c3 Nf6 4. Bf4 Bd6 5. e3 c5 6. Nbd2 Nc6 7.
Bxd6 Qxd6 8. Bd3 O-O 9. O-O e5 10. dxe5 Nxe5 11. Nxe5 Qxe5 12. Nf3 Qe7 13. h3 Be6 14.
Rc1 Rfd8 15. Qe2 Rd6 16. c4 b6 17. cxd5 Bxd5 18. a3 Rad8 19. Bc4 Bxc4 20. Qxc4 Qe4 21. Qxe4 Nxe4 22. Rc2 h6 23. Re1 a5 24. Kf1 Kf8 25. Ke2 Ke7 26. Rec1 Ke6 27. Rb1 b5 28. b4 axb4 29. axb4 c4 30. Nd4+ Ke5 31. f3 Ng3+ 32. Kf2 Nf5 33. Nxb5 Rd2+ 34. Rxd2 Rxd2+ 35. Kg1 Nxe3 36. Nc3 Rxg2+ 37. Kh1 Rc2 38. b5 Nf5 39. b6 Ne7 40. b7 Nc6 41. Rb5+ Kf4 42. Nd5+ Kg3 43. Rb1 c3 44. Ne3 Re2 45. Nf5+ Kxh3 46.
Nd4 Rh2+ 47. Kg1 Nxd4 48. b8=Q Nxf3+ 49. Kf1 Nd2+ 50. Ke1 Nxb1 51. Qc8+ Kh4 52. Qc4+ Kg5 53. Qc5+ Kg4 54. Qd4+ Kh3 55. Qe3+ Kg4 56. Qe4+ Kh3 57. Qf3+ Kh4 58. Qf4+ Kh3 59. Qf3+ Kh4 60. Qf4+ Kh3 61.
Qf3+ Kh4 1/2-1/2

[Event "*** Titled Tuesday 3|2 Blitz"]
[Site "Chess.com"]
[Date "2016.10.04"]
[Round "4"]
[White "nonscitis"]
[Black "bugsbunny444"]
[Result "0-1"]
[WhiteElo "2310"]
[BlackElo "2350"]
[TimeControl "180+2"]
[EndTime "17:53:00 PDT"]
[Termination "bugsbunny444 won by resignation"]

1. d4 e6 2. e4 d5 3. Nd2 h6 4.
Ngf3 Nf6 5. Bd3 c5 6. exd5 exd5 7. O-O c4 8. Re1+ Be7 9. Bf1 O-O 10. b3 c3 11. Nb1 Bb4 12. a3 Qa5 13. Bd3 Nc6 14. h3 Ne4 15. Bxe4 dxe4 16. Rxe4 Bf5 17. Rf4 Rad8 18.
Rxf5 Qxf5 19. axb4 Nxb4 20. Nxc3 Nxc2 21. Rxa7 Rfe8 22.
Rxb7 Qc8 23. Qxc2 Qxb7 24. d5 Rc8 25. Qb2 Rb8 26. Be3 Qxb3 27. Qxb3 Rxb3 28. Na4 Rd3 29. Nb6 Rd1+ 30. Kh2 Rb1 31. Nc4 Rb5 32. d6 Rd5 33.
Nd4 Re4 34. Nb6 Rdxd4 35. Bxd4 Rxd4 36. d7 Kf8 37. Kg3 Ke7 38. Kf3 Kd8 39. Ke3 Rb4 40. Nd5 Rb3+ 41. Ke4 Kxd7 42. f4 Kd6 43. Ne3 g6 44. g4 Rb1 45. f5 Rh1 46. Nc4+ Ke7 47.
fxg6 fxg6 48. Ne5 Kf6 49. Nd7+ Kg7 50. Nc5 Rxh3 51. Ne6+ Kf6 52. Nd4 Rh1 53. Kf4 Rf1+ 54. Kg3 Rd1 55. Nf3 Rd3 56. Kf4 Ra3 57. Ke4 Ra4+ 58.
Nd4 Kg5 59. Ke3 Rxd4 0-1

[Event "*** Titled Tuesday 3|2 Blitz"]
[Site "Chess.com"]
[Date "2016.10.04"]
[Round "4"]
[White "michaelq2d5"]
[Black "Kubas1010"]
[Result "1-0"]
[WhiteElo "2525"]
[BlackElo "2444"]
[TimeControl "180+2"]
[EndTime "17:53:11 PDT"]
[Termination "michaelq2d5 won by resignation"]

1. d4 d5 2. c4 e6 3. Nc3 Be7 4. Nf3 Nf6 5. cxd5 exd5 6. Bg5 c6 7.
Qc2 g6 8. e4 dxe4 9. Bxf6 Bxf6 10. Qxe4+ Kf8 11. Bc4 Kg7 12. O-O Re8 13. Qf4 Be6 14.
Bxe6 Rxe6 15. g4 Qd6 16. Qxd6 Rxd6 17. Ne4 Rd8 18. Rad1 Na6 19. Rd3 Nc7 20. g5 Be7 21. Ne5 Ne6 22. Rf3 Rf8 23. h4 Nxd4 24. Rd3 Rfd8 25.
Kg2 Ne6 26. Rf3 Rf8 27. Nd7 Rfd8 28. Ne5 Rf8 29. Nd7 Rfe8 30. Ne5 Nd8 31. Rd1 Bf8 32. Rxd8 Raxd8 33. Rxf7+ Kh8 34. Nf6 Bg7 35. Nxe8 Rxe8 36. Nd3 Rb8 37. b3 Kg8 38. Rd7 a5 39. Nc5 b6 40.
Ne6 Be5 41. f4 Bc3 42. Rc7 c5 43. Kf3 Re8 44. Rc6 Kf7 45. Nc7 Re1 46. Rxb6 Bd4 47.
Nb5 Re3+ 48. Kg4 Re2 49. Rb7+ Ke6 50. Rxh7 Rxa2 51. Rh6 Kf7 52. h5 gxh5+ 53. Rxh5 Rb2 54. Nd6+ Ke6 55. Rh6+ Kd5 56. Nc4 Rxb3 57. Nxa5 Ra3 58. Nc6 Bb2 59. Ne7+ Ke4 60. Re6+ Kd3 61. g6 c4 62. f5 Ra1 63. Rd6+ Ke4 64. Re6+ Kd3 65. f6 Rg1+ 66. Kh5 Rh1+ 67. Kg5 Rg1+ 68. Kh5 Rh1+ 69.
Kg4 Rg1+ 70. Kh3 c3 71. f7 c2 72. f8=Q c1=Q 73. Qf3+ Kc2 74. Rc6+ Kb1 75. Qd3+ Ka2 76. Rxc1 Rxc1 77. Nd5 Rc8 78. Qa6+ 1-0